 Dungeon Crawl Stone Soup version 0.29.0-4-gdea44cf6ec (webtiles) character file.

Game seed: 16090890193774482197

130 qw the Sneak (level 5, -2/32 HPs)
             Began as a Gargoyle Delver on Sept 10, 2022.
             Killed by divine providence
             ... invoked by an orc priest
              (15 damage)
             ... on level 4 of the Dungeon.
             The game lasted 00:01:10 (3565 turns).

qw the Sneak (Gargoyle Delver)                      Turns: 3565, Time: 00:01:11

Health: -2/32      AC: 16    Str: 18    XL:     5   Next: 13%
Magic:  5/5        EV: 11    Int: 10    God:
Gold:   210        SH:  5    Dex: 11    Spells: 4/4 levels left

rFire   . . .      SeeInvis .   Y - +2 hand axe
rCold   . . .      Faith    .   (no shield)
rNeg    + . .      Spirit   .   p - +0 ring mail
rPois   inf        Reflect  +   i - +2 helmet
rElec   +          Harm     .   (no cloak)
rCorr   .          Rampage  .   (no gloves)
Will    .....                   (no boots)
Stlth   ++........              a - amulet of reflection
HPRegen 0.10/turn               e - +4 ring of protection
MPRegen 0.09/turn               (no ring)

@: no status effects
A: sickness immunity, AC +4, negative energy resistance 1, electricity
resistance, torment resistance 1, petrification resistance
a: no special abilities


You were on level 4 of the Dungeon.
You visited 1 branch of the dungeon, and saw 5 of its levels.

You collected 210 gold pieces.


Innate Abilities, Weirdness & Mutations

You are immune to sickness and miasma.
Your stone body is resilient. (AC +4)
You are immune to poison.
You resist negative energy. (rN+)
You are resistant to electric shocks. (rElec)
You are resistant to unholy torment.
You are immune to petrification.


   Skills:
 - Level 3.2 Fighting
 + Level 4.3 Axes
 - Level 1.0 Throwing
 - Level 1.0 Armour
 - Level 1.5 Dodging
 - Level 5.4 Stealth


You had 4 spell levels left.
You didn't know any spells.
Your spell library was empty.

Inventory:

Hand Weapons
 m - a +0 whip
 Y - a +2 hand axe (weapon)
Missiles
 l - 4 javelins (quivered)
 s - 2 boomerangs
Armour
 i - a +2 helmet (worn)
 p - a +0 ring mail (worn)
Jewellery
 a - an amulet of reflection (around neck)
 e - a +4 ring of protection (left hand)
Wands
 g - a wand of digging (3)
Scrolls
 v - a scroll of teleportation
Potions
 b - a potion of degeneration {unknown}
 c - 3 potions of heal wounds
 d - a potion of berserk rage {unknown}
 f - a potion of haste
 h - a potion of ambrosia {unknown}
 j - a potion of might {unknown}
 k - a potion of invisibility {unknown}
 n - a potion of curing {unknown}
 o - a potion of cancellation {unknown}

Dungeon Overview and Level Annotations

Branches:
Dungeon (5/15)
 Temple: D:4-7

Altars:
Ashenzari
Kikubaaqudgha
Trog
Uskayaw


Message History

Beogh smites you!
You hear some strange, mumbled words.
A magic dart appears from out of thin air!
The magic dart hits you but does no damage.
You closely miss the orc priest. You barely miss something.
The orc priest hits you but does no damage.
Something hits you but does no damage. The orc wizard casts a spell at you.
The puff of flame hits you but does no damage.
You hit the orc priest.
The orc priest is moderately wounded.
You closely miss something. The orc priest completely misses you.
Something hits you but does no damage.
You hit the orc priest.
The orc priest is heavily wounded.
You closely miss something.
The orc priest mumbles some strange prayers to Beogh against you.
You barely resist.
You hear some strange, mumbled words.
A puff of flame appears from out of thin air!
The puff of flame hits you but does no damage.
You closely miss the orc priest.
The orc priest is heavily wounded.
You hit the orc wizard but do no damage.
You closely miss something. The orc wizard barely misses you.
The orc priest barely misses you. Something hits you but does no damage.
You hit the orc priest but do no damage.
The orc priest is heavily wounded.
You barely miss the orc wizard. You hit something.
The orc priest hits you but does no damage.
The orc wizard hits you but does no damage.
Something hits you but does no damage.
You barely miss the orc priest.
The orc priest is heavily wounded.
You hit the orc wizard but do no damage.
You hit something.
The orc priest calls down the wrath of Beogh upon you.
Beogh smites you!
You die...

#####..>## #.#.#.#
##.
###.#########.#...#
. #.............#...
.
####..#...#.........
. #..###.#..## ##..
# ##...#...## .
#.........
#.#.+##### #@..#
#..[..oo{.#
#........##
..........
....####..# #### #.#
.# .+


You could see an orc priest and an orc wizard.

Vanquished Creatures
  An iguana (D:4)
  4 adders
  A dart slug (D:2)
  An orc (D:4)
  5 ball pythons
  5 endoplasms
  4 giant cockroaches
  6 goblins
  6 hobgoblins
  4 jackals (D:1)
  A quokka (D:1)
  5 bats
  A frilled lizard (D:2)
  10 kobolds
  7 rats
61 creatures vanquished.

Notes
Turn   | Place    | Note
-------+----------+-------------------------------------------
     0 | D:5      | qw the Gargoyle Delver began the quest for the Orb.
     0 | D:5      | Reached XP level 1. HP: 14/14 MP: 1/1
     0 | D:5      | 0 ||| qw: Version: 0.1-a-116-g5d60599
     0 | D:5      | 0 ||| qw: Game counter: 8842
     0 | D:5      | 0 ||| qw: Always use a shield: true
     0 | D:5      | 0 ||| qw: God list: Okawaru
     0 | D:5      | 0 ||| qw: Allow faded altars: false
     0 | D:5      | 0 ||| qw: Do Orc after D:15 true
     0 | D:5      | 0 ||| qw: Do second Lair branch before Depths: true
     0 | D:5      | 0 ||| qw: Lair rune preference: random
     0 | D:5      | 0 ||| qw: Plans: Normal
     0 | D:5      | 0 ||| PLANNING D:1-11
     0 | D:5      | 0 ||| DROPPING scroll of fog.
     1 | D:5      | 1 ||| DROPPING scroll of magic mapping.
     2 | D:5      | 2 ||| DROPPING scroll of fear.
    35 | D:4      | Found a hide-covered altar of Uskayaw.
    77 | D:4      | 77 ||| UPGRADING to +4 ring of protection.
    78 | D:4      | 78 ||| READING scroll labelled BOBBACL LOIMOT.
    85 | D:3      | 85 ||| PLANNING SEWER
   103 | D:3      | Found a broken altar of Ashenzari.
   316 | D:3      | Found an ancient bone altar of Kikubaaqudgha.
   349 | D:3      | Reached XP level 2. HP: 19/19 MP: 2/2
   518 | D:3      | 518 ||| Stepping ~*~*~tactically~*~*~ (stealth).
   519 | D:3      | 519 ||| Stepping ~*~*~tactically~*~*~ (stealth).
   521 | D:3      | 521 ||| Stepping ~*~*~tactically~*~*~ (stealth).
   523 | D:3      | 523 ||| Stepping ~*~*~tactically~*~*~ (stealth).
   526 | D:3      | 526 ||| Stepping ~*~*~tactically~*~*~ (stealth).
   536 | D:3      | Reached skill level 3 in Axes
   536 | D:3      | Reached XP level 3. HP: 20/23 MP: 3/3
   543 | D:3      | 543 ||| FLEEEEING.
   544 | D:3      | 544 ||| FLEEEEING.
   559 | D:3      | 559 ||| FLEEEEING.
   560 | D:3      | 560 ||| FLEEEEING.
   561 | D:3      | 561 ||| FLEEEEING.
   562 | D:3      | 562 ||| FLEEEEING.
   686 | D:3      | 686 ||| RIP SEWER
   687 | D:3      | 687 ||| PLANNING D:1-11
   791 | D:3      | 791 ||| UPGRADING to amulet of reflection.
   796 | D:3      | 796 ||| READING scroll labelled QUHAQO YNAU.
   993 | D:1      | 993 ||| Stepping ~*~*~tactically~*~*~ (stealth).
   995 | D:1      | 995 ||| Stepping ~*~*~tactically~*~*~ (stealth).
  1411 | D:1      | Reached XP level 4. HP: 28/28 MP: 4/4
  1440 | D:1      | 1440 ||| Stepping ~*~*~tactically~*~*~ (stealth).
  1441 | D:1      | 1441 ||| Stepping ~*~*~tactically~*~*~ (stealth).
  1489 | D:1      | 1489 ||| READING scroll labelled ARUK UCIZA.
  1723 | D:1      | 1723 ||| Stepping ~*~*~tactically~*~*~ (stealth).
  1725 | D:1      | 1725 ||| Stepping ~*~*~tactically~*~*~ (stealth).
  1726 | D:1      | 1726 ||| Stepping ~*~*~tactically~*~*~ (stealth).
  1739 | D:1      | 1739 ||| READING scroll labelled KOMEVU PAAX CUUSO.
  1740 | D:1      | 1740 ||| READING 2 scrolls labelled YDUVOADWATAL.
  1741 | D:1      | 1741 ||| READING scroll of enchant weapon.
  1741 | D:1      | 1741 ||| ENCHANTING +1 hand axe.
  1742 | D:1      | 1742 ||| READING scroll labelled POCOBBUNOF.
  1869 | D:1      | 1869 ||| Stepping ~*~*~tactically~*~*~ (stealth).
  1870 | D:1      | 1870 ||| Stepping ~*~*~tactically~*~*~ (stealth).
  1871 | D:1      | 1871 ||| Stepping ~*~*~tactically~*~*~ (stealth).
  1872 | D:1      | 1872 ||| Stepping ~*~*~tactically~*~*~ (stealth).
  1873 | D:1      | 1873 ||| Stepping ~*~*~tactically~*~*~ (stealth).
  1874 | D:1      | 1874 ||| Stepping ~*~*~tactically~*~*~ (stealth).
  1875 | D:1      | 1875 ||| Stepping ~*~*~tactically~*~*~ (stealth).
  1876 | D:1      | 1876 ||| Stepping randomly (stuck).
  1878 | D:1      | 1878 ||| Stepping ~*~*~tactically~*~*~ (stealth).
  1879 | D:1      | 1879 ||| Stepping randomly (stuck).
  1881 | D:1      | 1881 ||| Stepping ~*~*~tactically~*~*~ (stealth).
  1889 | D:1      | 1889 ||| DROPPING +0 club.
  2166 | D:2      | 2166 ||| Stepping ~*~*~tactically~*~*~ (stealth).
  2168 | D:2      | 2168 ||| Stepping ~*~*~tactically~*~*~ (stealth).
  2170 | D:2      | 2170 ||| Stepping ~*~*~tactically~*~*~ (stealth).
  2315 | D:2      | Reached skill level 1 in Throwing
  2315 | D:2      | 2315 ||| Stepping ~*~*~tactically~*~*~ (stealth).
  2412 | D:2      | 2412 ||| Stepping ~*~*~tactically~*~*~ (stealth).
  2415 | D:2      | 2415 ||| Stepping ~*~*~tactically~*~*~ (stealth).
  2494 | D:2      | Found a faded altar of an unknown god.
  2644 | D:2      | Found a bloodstained altar of Trog.
  2934 | D:2      | 2934 ||| UPGRADING to +2 helmet.
  2939 | D:2      | 2939 ||| UPGRADING to +0 ring mail.
  2949 | D:2      | 2949 ||| DROPPING +0 leather armour.
  2950 | D:2      | 2950 ||| DROPPING ring of flight.
  2951 | D:2      | 2951 ||| READING scroll labelled EXECWOC NYPS.
  2952 | D:2      | 2952 ||| READING scroll labelled EQUCOC HAELEOSM.
  2953 | D:2      | 2953 ||| READING scroll labelled ZERIOM VALLA.
  2954 | D:2      | 2954 ||| READING scroll labelled GAYNGI VAHEU.
  3006 | D:2      | 3006 ||| DRINKING 4 bubbling white potions.
  3007 | D:2      | 3007 ||| DRINKING 2 blue potions.
  3008 | D:2      | 3008 ||| DROPPING potion of attraction.
  3323 | D:3      | 3323 ||| DROPPING amulet of the acrobat.
  3381 | D:4      | Reached skill level 1 in Armour
  3390 | D:4      | Reached XP level 5. HP: 20/32 MP: 5/5
  3551 | D:4      | 3551 ||| Stepping ~*~*~tactically~*~*~ (stealth).
  3553 | D:4      | 3553 ||| Stepping ~*~*~tactically~*~*~ (stealth).
  3555 | D:4      | 3555 ||| Stepping ~*~*~tactically~*~*~ (hiding).
  3565 | D:4      | Killed from afar by an orc priest

Levels and vault maps discovered:
D:1:      scummos_arrival_simple_fountains, layout_basic,
          nicolae_kite_square_tiling_tiny
D:2:      layout_basic, hellmonk_ecumenical_altar_run_dry, basic_altar
D:3:      layout_loops_ring, nicolae_ashenzari_panopticon,
          kiku_gazebo_garden_becter, portal_sewer_entry_d,
          kennysheep_generic_room_2
D:4:      layout_rooms, mainiacjoe_overflow_catwalk, old_standard_altar,
          nicolae_ru_great_annihilating_truth, nicolae_hepliaklqana_hazy_memory
D:5:      layout_rooms, zin_scriptorium

Skill      XL: |  1  2  3  4 |
---------------+-------------+-----
Axes           | 2 3 4 |  4.3
Throwing       | 1 |  1.0
Armour         | 1 |  1.0
Fighting       | |  3.2
Dodging        | |  1.5
Stealth        | |  5.4

Action                   |  1- 3 |  4- 6 || total
-------------------------+-------+-------++-------
Melee: Hand axe          |   113 |    50 ||   163
       Punch             |     1 |     2 ||     3
Throw: Javelin           |       |    36 ||    36
  Use: Scroll            |     2 |     9 ||    11
       Potion            |       |     2 ||     2
 Stab: Sleeping          |     1 |       ||     1
Armor: Leather armour    |    41 |    12 ||    53
       Ring mail         |       |    17 ||    17
Dodge: Dodged            |    61 |    17 ||    78
Block: Other             |    16 |     8 ||    24
       Reflection        |     1 |       ||     1

Table legend:
 A = Non-vault XP
 B = Vault XP
 C = Vault XP percentage of total XP
 D = Non-vault monster count
 E = Vault monster count
 F = Vault count percentage of total count
                 A         B        C        D         E       F
            +---------+---------+-------+---------+---------+-------
      Total |     172 |      14 |   7.5 |      59 |       2 |   3.3
            +---------+---------+-------+---------+---------+-------
        D:1 |      48 |       0 |   0.0 |      27 |       0 |   0.0
        D:2 |      36 |       0 |   0.0 |      15 |       0 |   0.0
        D:3 |      35 |      14 |  28.6 |       8 |       2 |  20.0
        D:4 |      53 |       0 |   0.0 |       9 |       0 |   0.0
            +---------+---------+-------+---------+---------+-------
